 Dungeon Crawl Stone Soup version 0.22-a0-42-g002c468 (webtiles) character file.

34 terra52 the Shooter (level 3, -2/29 HPs)
             Began as a Centaur Hunter on Jan 5, 2018.
             Slain by Natasha (7 damage)
             ... on level 2 of the Dungeon.
             The game lasted 00:02:46 (770 turns).

terra52 the Shooter (Centaur Hunter)                 Turns: 770, Time: 00:02:46

Health: -2/29      AC:  4    Str: 14    XL:     3   Next: 14%
Magic:  3/3        EV:  9    Int: 10    God:
Gold:   53         SH:  0    Dex: 10    Spells: 2/2 levels left

rFire    . . .     SeeInvis .   a - +1 shortbow
rCold    . . .     Gourm    .   (shield currently unavailable)
rNeg     . . .     Faith    .   c - +0 leather armour
rPois    .         Spirit   .   (no helmet)
rElec    .         Reflect  .   (no cloak)
rCorr    .         Harm     .   (no gloves)
MR       .....                  (no barding)
Stlth    +.........             (no amulet)
HPRegen  0.09/turn              (no ring)
MPRegen  0.08/turn              (no ring)

@: very quick
A: large, hooves 3, deformed body, speed 2, tough skin 3
a: no special abilities


You were on level 2 of the Dungeon.
You were not hungry.

You visited 1 branch of the dungeon, and saw 2 of its levels.

You collected 53 gold pieces.

Inventory:

Hand Weapons
 a - a +1 shortbow (weapon)
 b - a +0 short sword
Missiles
 d - 30 arrows (quivered)
Armour
 c - a +0 leather armour (worn)
 n - a +0 ring mail
Jewellery
 o - an uncursed ring of magical power {unknown}
Scrolls
 e - 2 scrolls of teleportation {unknown}
 g - a scroll of immolation {unknown}
 h - 2 scrolls of identify {unknown}
 j - a scroll of magic mapping {unknown}
 m - 3 scrolls of blinking {unknown}
 p - a scroll of remove curse {unknown}
 s - a scroll of fog {unknown}
Potions
 i - a potion of invisibility {unknown}
 k - 2 potions of lignification {unknown}
 l - 2 potions of brilliance {unknown}
 q - a potion of magic {unknown}
 r - a potion of curing {unknown}
Comestibles
 f - 2 rations


   Skills:
 + Level 2.1 Fighting
 + Level 6.3 Bows
 + Level 0.1 Armour
 + Level 1.6 Dodging
 + Level 0.4 Stealth


You had 2 spell levels left.
You didn't know any spells.

Dungeon Overview and Level Annotations

Branches:
Dungeon (2/15)

Altars:

Annotations:
D:2 Natasha


Innate Abilities, Weirdness & Mutations

You have hooves in place of feet.
Armour fits poorly on your strangely shaped body.
You cover ground very quickly.
You have extremely tough skin. (AC +3)


Message History

Natasha stares at you and mumbles some strange words.
The magic dart hits you!
You are too injured to fight recklessly!
You are too injured to fight recklessly!
You are too injured to fight recklessly!
You are too injured to fight recklessly!
Firing (i - inventory):
d - 30 arrows (quivered)
Press: ? - help, Shift-Dir - straight line, p - Natasha
Okay, then.
Really attack while wielding your +1 shortbow? [Y]es or [N]o only, please.
Really attack while wielding your +1 shortbow?
Okay, then.
Natasha howls an incantation.
Natasha shimmers violently.
Natasha claws you. Natasha claws you!
* * * LOW HITPOINT WARNING * * *
Natasha claws you!
You die...

..# #.#.# #.#.# #.#.# #
#.#.# #####.#
#.#.###.)...# .
#.#.##...####
###.###........########
..........##...@h.....(
#.####.#####.###.###..
#.# #.# #... #
###.####.# #####
.........# #.#.######
#.#.# #.#.# #.#.#


You could see Natasha.

Vanquished Creatures
  An adder (D:2)
  5 bats
  2 hobgoblins
  5 frilled lizards
  3 goblins
  6 kobolds
  3 rats
25 creatures vanquished.

Notes
Turn   | Place    | Note
-------+----------+-------------------------------------------
     0 | D:1      | terra52 the Centaur Hunter began the quest for the Orb.
     0 | D:1      | Reached XP level 1. HP: 17/17 MP: 1/1
   147 | D:1      | Reached XP level 2. HP: 24/24 MP: 2/2
   524 | D:2      | Reached skill level 6 in Bows
   597 | D:2      | Reached XP level 3. HP: 14/29 MP: 3/3
   760 | D:2      | Noticed Natasha
   770 | D:2      | Slain by Natasha

Vault maps used:
D:1:      co_arrival_square_in_a_square_in_a_square, grunt_decor_arrowhead
D:2:      nicolae_overflow_hidden_temple, uniq_jessica, uniq_natasha, uniq_robin

Skill      XL: |  1  2 |
---------------+-------+-----
Bows           | 6 |  6.3
Fighting       | |  2.1
Armour         | |  0.1
Dodging        | |  1.6
Stealth        | |  0.4

Action                   || total
-------------------------++-------
 Fire: Shortbow          ||    86
Armor: Leather armour    ||    20
Dodge: Dodged            ||    17

Table legend:
 A = Spawn XP
 B = Non-spawn XP
 C = Spawn XP percentage of total XP
 D = Spawn monster count
 E = Non-spawn monster count
 F = Spawn count percentage of total count
 G = Total turns spent on level
                    A         B        C        D         E        F      G
               +---------+---------+-------+---------+---------+-------+---------
         Total |       0 |      49 |   0.0 |       0 |      25 |   0.0 |   770
               +---------+---------+-------+---------+---------+-------+---------
           D:1 |       0 |      21 |   0.0 |       0 |      15 |   0.0 |   483
           D:2 |       0 |      28 |   0.0 |       0 |      10 |   0.0 |   287
               +---------+---------+-------+---------+---------+-------+---------
